AoeStats
← grilopse

Arena

507055914Analyzed
3v3 RM · 16d ago on Sep 16, 2026· 52m 54s· 6 players
Game mode
Random Map
Map size
Normal (6 player)
Population
200
Speed
Normal
Resources
Standard
Victory
Conquest
Starting age
Dark Age
Ending age
Imperial Age
RankedLock teamsTeams togetherTeam positionsShared explorationLock speedFull tech treeHidden civsTurbo modeCheats
Victory
Defeat
🇨🇳 Mongols · China
1139
+13
🇨🇳 Mongols · China
1114
+14
🇪🇪 Hindustanis · Estonia
1081
+16
🇲🇦 Britons · Morocco
1112
-16
🇲🇦 Wei · Morocco
1074
-14
🇲🇦 Jurchens · Morocco
1042
-13
Poketale
10:51 Feudal Age
14:47 Castle Age
13:38 Loom
13:50 Double-Bit Axe
13:50 Horse Collar
20:05 Scale Barding Armor
22:28 Gold Mining
29:19 Wheelbarrow
29:11 Town Watch
30:43 Bow Saw
31:04 Chain Barding Armor
33:49 Forging
34:49 Hand Cart
35:30 Bloodlines
38:09 Town Patrol
39:13 Iron Casting
44:07 Imperial Age
44:12 Fletching
44:56 Bodkin Arrow
45:45 Bracer
46:44 Padded Archer Armor
47:02 Scale Mail Armor
49:05 Ballistics
49:47 Chemistry
dragonslilver
11:37 Feudal Age
12:50 Double-Bit Axe
15:20 Castle Age
13:16 Horse Collar
16:21 Bow Saw
16:30 Heavy Plow
18:24 Wheelbarrow
18:32 Wheelbarrow
21:46 Stone Mining
22:35 Loom
22:50 Gold Mining
24:38 Hand Cart
28:26 Imperial Age
26:33 Fletching
27:16 Bodkin Arrow
27:22 Padded Archer Armor
28:34 Ballistics
30:11 Gold Shaft Mining
30:40 Bracer
31:45 Chemistry
30:56 Masonry
31:22 Warwolf
34:11 Two-Man Saw
33:34 Leather Archer Armor
34:09 Yeomen
33:09 Elite Longbowman
33:15 Elite Longbowman
34:31 Yeomen
41:46 Ring Archer Armor
42:51 Conscription
49:40 Architecture
grilopse
11:41 Feudal Age
13:42 Loom
16:12 Castle Age
14:17 Double-Bit Axe
16:18 Horse Collar
17:25 Bow Saw
19:25 Heavy Plow
20:34 Wheelbarrow
26:05 Gold Mining
29:01 Imperial Age
27:08 Hand Cart
27:31 Bow Saw
30:49 Crop Rotation
32:16 Scale Barding Armor
32:22 Forging
33:05 Bloodlines
32:45 Elite Steppe Lancer
43:05 Chain Barding Armor
43:21 Iron Casting
44:19 Elite Skirmisher
45:39 Plate Barding Armor
46:05 Blast Furnace
47:38 Padded Archer Armor
47:29 Fletching
47:28 Light Cavalry
51:50 Ballistics
52:05 Hussar
君临天下
10:23 Feudal Age
15:03 Castle Age
12:59 Double-Bit Axe
12:57 Horse Collar
13:16 Gold Mining
13:48 Stone Mining
19:24 Loom
19:57 Town Watch
24:46 Nomads
29:34 Imperial Age
28:02 Wheelbarrow
27:46 Fletching
27:56 Padded Archer Armor
29:45 Ballistics
29:22 Bodkin Arrow
29:42 Leather Archer Armor
29:57 Hand Cart
30:09 Forging
30:05 Scale Barding Armor
30:55 Conscription
30:42 Husbandry
30:52 Bloodlines
30:43 Light Cavalry
32:09 Gold Shaft Mining
31:47 Bow Saw
33:25 Chemistry
32:04 Hussar
33:35 Iron Casting
33:28 Heavy Plow
34:07 Chain Barding Armor
35:27 Blast Furnace
34:28 Bracer
36:41 Elite Mangudai
40:09 Chemistry
39:40 Thumb Ring
40:01 Parthian Tactics
48:51 Drill
0576gg
11:23 Feudal Age
15:38 Castle Age
13:48 Double-Bit Axe
13:57 Horse Collar
15:54 Wheelbarrow
16:33 Bow Saw
16:26 Heavy Plow
16:55 Stone Mining
24:13 Hand Cart
23:45 Loom
25:03 Gold Mining
30:19 Imperial Age
28:13 Fletching
28:51 Ballistics
30:43 Gold Shaft Mining
30:44 Stone Shaft Mining
30:20 Nomads
30:55 Bloodlines
30:46 Husbandry
30:07 Light Cavalry
31:44 Conscription
32:51 Bodkin Arrow
33:06 Forging
32:57 Padded Archer Armor
33:03 Scale Barding Armor
33:14 Thumb Ring
33:35 Parthian Tactics
33:51 Hussar
36:05 Bracer
36:40 Iron Casting
36:22 Leather Archer Armor
37:50 Chemistry
37:25 Elite Mangudai
39:17 Blast Furnace
38:38 Chain Barding Armor
45:11 Siege Engineers
NomeL™
10:46 Feudal Age
11:46 Double-Bit Axe
14:41 Castle Age
12:58 Horse Collar
17:25 Stone Mining
17:48 Bow Saw
18:22 Heavy Plow
18:54 Loom
22:08 Fletching
21:54 Pikeman
24:45 Scale Mail Armor
28:19 Bodkin Arrow
30:39 Wheelbarrow
30:40 Gold Mining
31:33 Chain Mail Armor
32:00 Forging
33:59 Squires
34:57 Iron Casting
34:50 Hand Cart
37:55 Imperial Age
36:49 Masonry
40:18 Conscription
41:06 Chemistry
40:40 Husbandry
40:48 Scale Barding Armor
40:39 Heavy Camel Rider
42:45 Two-Man Saw
43:33 Bloodlines
43:04 Imperial Camel Rider
44:28 Stone Shaft Mining
44:05 Town Watch
46:30 Gold Shaft Mining
46:10 Town Patrol
46:57 Chain Barding Armor
47:13 Iron Casting
48:07 Caravan
48:38 Coinage
49:35 Plate Barding Armor
50:01 Blast Furnace
49:02 Bracer
49:04 Padded Archer Armor
49:57 Grand Trunk Road
50:37 Siege Engineers
50:54 Ballistics
50:30 Murder Holes
50:46 Fortified Wall
50:54 Thumb Ring
51:10 Shatagni
51:47 Hoardings
Connection lost

Rejoining the realm…

Still unreachable

The connection could not be restored.

Session expired

The server has moved on; the page needs a fresh start.